Map: Acropolis LE

Players

Harstem

  • Race: Protoss Protoss
  • League: Grandmaster
  • Spawn Location: 5:00

soO - Winner!

  • Race: Zerg Zerg
  • Spawn Location: 11:00

Event: HomeStory Cup XIX

VOD

Have the link to the VOD?

Description

Time

  • Played on: June 29, 2019, 1 p.m.
  • Length: 15:26

All games in this series

Show
View Real Time Build Order
Export as new Build Order

Harstem Protoss 

Build Orders: 1 Gate Expand, Archon Immortal, Archon Drop, Dark Templar Rush 

Get SALT Encoding   

  12  0:00  Probe  
  13  0:12  Probe  
  14  0:20  Pylon  
  14  0:25  Probe  
  15  0:29  Assimilator  
  15  0:34  Probe  
  15  0:42  Probe  
  16  0:47  Gateway  
  17  0:52  Probe  
  19  1:04  Probe  
  19  1:16  Probe  
  20  1:30  Probe  
  21  1:36  Nexus  
  21  1:40  Cybernetics Core  
  21  1:45  Assimilator  
  21  1:46  Probe  
  22  1:52  Pylon  
  22  1:58  Probe  
  23  2:07  Adept  
  23  2:10  Probe  
  24  2:19  Warp Gate  
  26  2:23  Probe, Twilight Council  
  26  2:27  Adept  
  27  2:35  Probe  
  30  2:44  Robotics Facility  
  30  2:48  Probe x2  
  32  2:57  Stalker  
  34  3:00  Probe  
  34  3:04  Probe, Resonating Glaives  
  36  3:16  Probe  
  38  3:20  Gateway  
  38  3:23  Gateway  
  38  3:24  Probe  
  38  3:27  Warp Prism  
  38  3:28  Probe  
  39  3:36  Probe  
  39  3:41  Probe  
  43  3:46  Pylon  
  43  3:48  Probe  
  43  3:52  Dark Shrine  
  43  3:53  Probe  
  45  3:59  Pylon  
  45  4:00  Probe  
  46  4:05  Assimilator  
  47  4:10  Adept  
  47  4:13  Pylon  
  47  4:15  Adept  
  50  4:18  Adept  
  50  4:19  Probe x2  
  54  4:28  Pylon  
  54  4:31  Probe x2, Assimilator  
  56  4:32  Adept  
  56  4:38  Adept x2  
  62  4:43  Probe  
  63  4:46  Probe  
  63  4:47  Pylon  
  64  5:01  Adept x3  
  64  5:11  Immortal, Nexus  
  59  5:27  Dark Templar x2  
  62  5:31  Dark Templar  
  62  5:32  Archon  
  62  5:33  Probe  
  62  5:35  Probe  
  66  5:43  Forge  
  66  5:45  Probe, Pylon  
  66  5:47  Immortal  
  67  5:59  Dark Templar  
  67  6:01  Probe  
  74  6:06  Archon  
  74  6:08  Probe  
  74  6:10  Pylon  
  75  6:12  Gateway  
  75  6:13  Gateway  
  75  6:18  Probe  
  76  6:19  Sentry x2  
  76  6:23  Immortal  
  76  6:24  Probe  
  76  6:25  Pylon, Protoss Ground Weapons Level 1  
  81  6:26  Probe  
  82  6:38  Dark Templar  
  87  6:44  Probe  
  87  6:46  Probe  
  89  6:48  Probe  
  89  6:49  Immortal, Pylon  
  89  6:52  Stalker  
  89  6:54  Stalker  
  94  6:57  Probe  
  101  7:11  Probe, Shield Battery  
  101  7:13  Probe  
  101  7:16  Shield Battery, Immortal  
  101  7:17  Charge, Probe  
  106  7:32  Dark Templar  
  106  7:33  Zealot x4  
  116  7:37  Pylon  
  116  7:46  Immortal  
  116  7:51  Probe  
  121  7:58  Gateway  
  121  7:59  Gateway  
  121  8:03  Probe x2  
  121  8:04  Probe  
  124  8:06  Stargate  
  124  8:07  Shield Battery  
  124  8:08  Stargate  
  124  8:09  Shield Battery  
  124  8:11  Assimilator  
  122  8:15  Probe, Assimilator  
  122  8:19  Probe  
  124  8:23  Photon Cannon  
  124  8:29  Protoss Ground Weapons Level 2  
  124  8:40  Assimilator  
  124  8:41  Templar Archives  
  124  8:43  Zealot x4  
  124  8:45  Zealot, Phoenix  
  124  8:46  Probe, Pylon  
  124  8:48  Phoenix  
  132  8:49  Probe  
  132  8:51  Probe  
  132  9:00  Probe  
  132  9:02  Probe  
  133  9:05  Phoenix  
  133  9:06  Probe  
  134  9:10  Phoenix  
  134  9:11  Pylon  
  134  9:13  Probe  
  139  9:25  Psionic Storm  
  139  9:26  Pylon  
  139  9:27  Phoenix, Pylon  
  139  9:28  Pylon  
  141  9:38  High Templar  
  143  9:39  Phoenix  
  143  9:40  Probe  
  143  9:41  Photon Cannon, Probe, Pylon  
  143  9:47  Probe  
  142  9:53  Dark Templar  
  142  9:58  Probe  
  142  9:59  Zealot x3  
  151  10:00  Zealot  
  151  10:02  High Templar  
  155  10:14  Phoenix  
  155  10:15  Phoenix  
  155  10:20  Probe  
  160  10:28  Immortal  
  164  10:32  Phoenix  
  158  10:39  Protoss Air Weapons Level 1, Fleet Beacon  
  158  10:40  Nexus  
  158  10:42  Photon Cannon, Pylon  
  160  10:47  Photon Cannon  
  160  10:50  Phoenix  
  160  10:52  Probe  
  163  10:58  Photon Cannon  
  163  11:01  Pylon  
  163  11:05  Phoenix  
  163  11:20  High Templar  
  163  11:22  Pylon  
  163  11:23  Photon Cannon, Pylon  
  163  11:25  Photon Cannon  
  163  11:26  Photon Cannon  
  163  11:27  Photon Cannon x2, Phoenix  
  163  11:28  Shield Battery  
  163  11:44  Phoenix  
  163  11:45  Stalker x2  
  163  11:46  Stalker x2  
  171  11:53  Fleet Beacon  
  167  11:55  Probe  
  167  11:57  High Templar  
  167  12:00  Probe x2  
  167  12:01  Probe  
  173  12:02  Phoenix  
  173  12:03  Assimilator, Probe  
  173  12:05  Assimilator, Archon  
  172  12:14  Phoenix  
  164  12:18  Stalker x3  
  165  12:28  Anion Pulse-Crystals  
  157  12:34  Stalker x2  
  157  12:35  Stalker x2  
  140  12:41  Probe x2  
  132  12:46  Probe x2  
  132  12:49  Probe  
  132  12:50  Probe  
  136  12:56  Phoenix  
  136  12:57  Phoenix  
  142  12:58  Probe x4  
  146  13:08  Photon Cannon, Archon  
  146  13:20  Phoenix  
  146  13:21  Phoenix  
  143  13:41  Dark Templar  
  143  13:42  Phoenix  
  143  13:43  Probe  
  143  13:46  Zealot x4, Phoenix  
  148  13:50  Probe x2  
  148  13:54  Dark Templar x2  
  154  14:00  Probe  
  135  14:07  Phoenix  
  135  14:11  Probe  
  135  14:12  Dark Templar, Phoenix  
  135  14:15  Probe x2  
  142  14:20  Probe  
  142  14:23  Archon  
  144  14:24  Probe  
  144  14:25  High Templar  
  144  14:26  High Templar x3, Archon  
  152  14:31  Archon  
  152  14:32  Probe  
  152  14:33  Probe  
  152  14:37  Archon  
  136  15:17  Dark Templar x3  
  136  15:18  Dark Templar x3  
Show
View Real Time Build Order
Export as new Build Order

soO Zerg - Winner!

Build Orders: Hatch First 

Get SALT Encoding   

  12  0:00  Drone  
  13  0:12  Overlord  
  13  0:17  Drone  
  14  0:30  Drone x2  
  14  0:34  Drone  
  17  0:52  Hatchery  
  17  0:55  Drone  
  17  0:59  Drone  
  18  1:19  Drone  
  18  1:20  Extractor  
  18  1:22  Spawning Pool  
  17  1:25  Drone  
  18  1:38  Drone  
  19  1:41  Drone  
  20  1:52  Drone, Hatchery  
  20  2:01  Drone  
  20  2:05  Drone  
  22  2:08  Queen  
  22  2:12  Drone  
  25  2:21  Drone  
  26  2:23  Overlord  
  26  2:30  Queen  
  28  2:38  Metabolic Boost, Extractor  
  28  2:40  Drone  
  28  2:42  Drone  
  29  2:44  Drone  
  29  2:46  Drone  
  31  2:52  Zergling x2  
  31  2:53  Zergling x2  
  31  2:57  Queen  
  35  3:01  Drone  
  36  3:06  Queen  
  38  3:14  Drone  
  38  3:16  Drone  
  38  3:17  Drone  
  38  3:18  Drone  
  38  3:19  Overlord  
  42  3:37  Overlord  
  42  3:38  Zergling x4  
  42  3:39  Drone x2  
  42  3:41  Drone x2, Queen  
  48  3:42  Overlord  
  50  3:54  Overlord  
  50  3:55  Drone  
  50  3:56  Drone  
  50  3:57  Drone x2  
  50  4:01  Drone x2  
  50  4:02  Lair  
  56  4:04  Drone  
  56  4:06  Extractor  
  56  4:07  Extractor  
  55  4:11  Drone  
  55  4:12  Drone  
  55  4:13  Drone x3  
  60  4:17  Roach Warren  
  59  4:25  Zergling x6  
  59  4:28  Drone x2  
  59  4:29  Zergling x4  
  59  4:30  Overlord  
  66  4:36  Overlord  
  66  4:43  Overlord  
  66  4:50  Zergling x14  
  73  4:57  Roach x5  
  73  4:59  Overseer  
  80  5:00  Overseer  
  80  5:02  Zergling x2, Roach  
  76  5:10  Overseer  
  76  5:13  Roach  
  76  5:14  Zergling x4, Roach  
  74  5:21  Drone x3  
  74  5:27  Drone x2  
  79  5:31  Glial Reconstitution  
  79  5:37  Drone x2  
  79  5:40  Drone x2  
  83  5:45  Roach  
  83  5:48  Overseer, Overlord  
  85  5:51  Overlord  
  85  5:53  Overlord  
  85  5:57  Extractor  
  85  5:58  Overlord  
  85  6:02  Roach x2  
  88  6:11  Roach x4  
  96  6:13  Overseer  
  96  6:16  Roach x4  
  104  6:24  Drone x3  
  104  6:25  Drone  
  108  6:27  Extractor  
  108  6:28  Roach  
  108  6:29  Roach  
  103  6:50  Nydus Network  
  102  6:55  Drone x2  
  102  6:56  Drone x2  
  106  7:02  Roach  
  108  7:09  Overlord  
  108  7:10  Roach  
  108  7:11  Roach x5  
  120  7:16  Overlord x2  
  120  7:20  Overlord  
  120  7:22  Overlord  
  120  7:27  Overlord  
  120  7:29  Roach x4  
  128  7:30  Nydus Canal  
  128  7:34  Roach  
  128  7:35  Roach  
  128  7:37  Roach x3  
  136  7:38  Roach x2  
  134  7:46  Drone  
  134  7:47  Drone x2  
  134  7:48  Spire  
  134  7:50  Drone x4  
  134  7:51  Drone x2  
  142  8:07  Drone  
  142  8:12  Extractor  
  142  8:18  Hatchery  
  138  8:20  Drone x2  
  138  8:21  Drone x3  
  138  8:27  Nydus Canal  
  142  8:28  Zergling x4  
  142  8:29  Zergling x2  
  135  9:02  Mutalisk x10  
  129  9:09  Overlord  
  145  9:10  Overlord  
  145  9:13  Mutalisk x2  
  145  9:14  Zergling x12  
  155  9:20  Mutalisk  
  155  9:22  Zergling x2  
  155  9:23  Zergling x2  
  159  9:35  Zerg Flyer Weapons Level 1  
  159  9:36  Extractor  
  159  9:38  Mutalisk, Extractor  
  159  9:47  Drone x2  
  159  9:48  Queen  
  159  9:51  Mutalisk x2  
  167  10:00  Spine Crawler  
  167  10:02  Mutalisk x2  
  167  10:04  Drone x2  
  172  10:10  Mutalisk  
  172  10:11  Mutalisk  
  176  10:19  Hatchery  
  173  10:24  Corruptor x2  
  175  10:29  Corruptor  
  173  10:36  Drone x2  
  173  10:39  Corruptor x2  
  173  10:42  Overseer  
  179  10:49  Evolution Chamber, Baneling Nest  
  175  10:51  Corruptor x2  
  179  11:03  Overlord x2  
  179  11:10  Drone  
  180  11:11  Drone, Spine Crawler  
  180  11:13  Spore Crawler  
  180  11:15  Overlord  
  176  11:21  Drone x6  
  179  11:31  Zergling x24  
  189  11:54  Corruptor x5  
  185  11:57  Drone x3  
  198  12:04  Mutalisk  
  161  12:42  Mutalisk x18  
  186  12:46  Zergling x30  
  193  13:05  Mutalisk x3  
  199  13:08  Zerg Flyer Weapons Level 2  
  199  13:09  Zerg Melee Weapons Level 1  
  199  13:13  Drone  
  196  13:34  Drone x3  
  195  13:55  Overseer  
  168  14:06  Pneumatized Carapace  
  166  14:11  Overseer  
  166  14:12  Drone x2  
  166  14:14  Mutalisk x13  
  194  14:18  Overlord  
  194  14:19  Zergling x6  
  197  14:24  Spine Crawler  
  197  14:29  Overlord  
  196  14:33  Overseer  
  196  14:35  Spine Crawler x2  
  196  14:36  Spine Crawler  
  196  14:37  Spine Crawler  
  196  14:38  Spine Crawler  
  186  15:02  Zergling x28  
Tags
 
Add a new tag
Caveats
  • Supply blocks, unpowered buildings, or Contaminate may cause inaccurate times.
  • Supply counts are checked every 10 seconds.